 BcadrenCrawl: Boulder Brew version 0.04.2-20-g1dbc4a6302 (webtiles) character file.

Game seed: 6117587252450233315, levelgen mode: deterministic

15901 st0uf the Grappler (level 12, -5/91 HPs) Silver Draconian Demonspawn. Began on May 24, 2021. Was an Elder of Wu Jian. Shot with a bolt by a yaktaur captain (9 damage) ... on level 7 of the Dungeon. The game lasted 00:28:24 (5476 turns).

st0uf the Grappler (Silver Draconian Demonspawn)    Turns: 5476, Time: 00:28:24

Health: -5/91      AC: 20    Str: 21    XL:     12 ^: 15316
Magic:  25/25      EV: 14    Int: 12    God:    Wu Jian [4* [100]]
Gold:   414        SH:  0    Dex: 12    Spells: 28/29 levels left

rFire    + . .     Vision   .     - Unarmed
rCold    . . .     Gourm    .     - Unarmed
rNeg     . . .     Faith    .   (armour unavailable)
rPois    .         Spirit   .   (helmet restricted)
rElec    .         Reflect  .   v - +0 cloak
rCorr    .         Harm     .   w - +2 pair of gloves
MR       .....                  (no boots)
Stlth    ++........             r - amulet of the acrobat
HPRegen  0.40/turn              (no ring)
MPRegen  0.35/turn              (no ring)

@: studying Summonings
A: no body armour, unfitting armour, talons 2, icy blue scales 2, fire
resistance 1, spiny 1, cold-blooded, boosted whips and flails aptitude, boosted
stealth aptitude, earth enhancer 1, AC++, rMut, AC +13
a: Breathe Silver Splinters, Wall Jump, Serpent's Lash, Renounce Religion


You were on level 7 of the Dungeon.
You worshipped Wu Jian.
Wu Jian was greatly pleased with you.
You were not hungry.

You visited 2 branches of the dungeon, and saw 8 of its levels.

You collected 414 gold pieces.

Inventory:

Armour
 v - a +0 cloak (worn)
 w - a +2 pair of gloves (worn)
Jewellery
 d - an uncursed ring of wizardry
 r - an amulet of the acrobat (around neck)
 t - a cursed amulet of reflection {(Curse: -Tele)}
 u - an uncursed amulet of harm
 x - an uncursed ring of stealth
Wands
 n - a wand of ensnaring (1)
 p - a wand of disintegration (2)
 s - a wand of acid (2)
 y - a wand of polymorph (14)
Scrolls
 a - 2 scrolls of blinking
 c - 3 scrolls of enchantment
 f - a scroll of fog
 g - 6 scrolls of teleportation
 i - 5 scrolls of amnesia
 j - a scroll of fear
 B - a scroll of acquirement
 C - a scroll of summoning
Potions
 e - a potion of might
 h - 2 potions of brilliance
 k - 3 potions of heal wounds
 l - 3 potions of invisibility
 m - 2 potions of agility
 o - 3 potions of mutation
 q - a potion of haste
 z - a potion of ambrosia
 A - a potion of cure mutation
Comestibles
 b - 18 rations


   Skills:
 * Level 4.1 Fighting
 + Level 5.5 Dodging
 + Level 2.7 Stealth
 + Level 13.3 Unarmed Combat
 + Level 9.4 Spellcasting
 - Level 1.5 Fire Magic
   Level 3.0 Invocations


You had 28 spell levels left.
You knew the following spells:

 Your Spells              Type           Power        Failure   Level  Hunger
a - Flame Tongue          Fire           9 (30)       7%          1    None

Your spell library contained the following spells:

 Spells                   Type           Power        Failure   Level  Hunger
 Confusing Touch          Hex            5 (50)       13%         1    None
 Blink                    Tloc           N/A          19%         2    None
 Call Imp                 Summ           5 (100)      19%         2    None
 Slow                     Hex            5 (100)      19%         2    None
 Conjure Flame            Fire           9 (100)      21%         3    ##.....
 Confuse                  Hex            5 (100)      36%         3    ##.....
 Gell's Gravitas          Tloc           5 (200)      36%         3    ##.....
 Mephitic Cloud           Pois/Air       5 (100)      36%         3    ##.....
 Petrify                  Tmut/Erth      8 (100)      77%         4    ####...
 Yara's Violent Unravell  Hex/Tmut       5 (200)      98%         5    #####..


Dungeon Overview and Level Annotations

Branches:
Dungeon (7/8)              Temple (1/1) D:4            Lair (0/6) D:5
    Orc (0/2) D:6
 Vaults: D:7

Altars:
Ashenzari
Cheibriados
Dithmenos
Elyvilon
Fedhas Madash
Gozag Ym Sagoz
Hepliaklqana
Kikubaaqudgha
Makhleb
Nemelex Xobeh
Okawaru
Qazlal
Ru
Sif Muna
Trog
Uskayaw
Vehumet
Wu Jian
Xom
Yredelemnul
Zin
The Shining One

Shops:
D:2 (


Innate Abilities, Weirdness & Mutations

You cannot fit into any form of body armour.
Your gleaming silver scales are resilient. (AC +13)
You can breathe silver splinters, which deal bonus damage to chaotic creatures.
You have razor-sharp toenails.
You are mostly covered in icy blue scales. (AC +3)
You are heat resistant. (rF+)
You are partially covered in sharp spines.
You are cold-blooded and may be slowed by cold attacks.
You are naturally skilled at Whips & Flails (Aptitude +3).
You are naturally skilled at Stealth (Aptitude +3).
You are in touch with the powers of the earth.
Your gleaming silver scales boost your physical defenses and make you resistant to mutation. (AC++, rMut)


Message History

You tail-slap the orc knight, but do no damage.
The orc knight is almost dead. (14/77) HP You hit the orc knight (5).
You hit the orc knight (3).
You claw the orc knight, but do no damage.
The orc knight is almost dead. (6/77) HP The orc knight is struck by your spines (1).
The orc knight hits you with a +3 war axe (20)!!
* * * LOW HITPOINT WARNING * * *
The orc knight is struck by your spines (1).
The orc knight hits you but does no damage.
You spin and attack the orc knight repeatedly.
You punch the orc knight (8)!
You kill the orc knight!
The Council accepts your kill.
The yaktaur captain wields a cursed +0 arbalest of molten steel {(Curse: Fragile)}.
The surface melts into red hot liquid metal!
The yaktaur captain shoots a bolt.
The bolt pierces through you (19)!!
* * * LOW HITPOINT WARNING * * *
The bolt burns you (9)!
You die...

. .. ..#. ##... C. ###.
##.#### ##.... ..
#)#.#[#..#.####.....
.#.##...##.#.#.#.#.....
......#......#.#.).....
#...##.#.#.#.#.....
#:#.#)#..###.##.)...
#.###.###.## #####....
#..F@...## ##...
#.#.#)#.#.# ##..
#.#.#.#.. #..
#.c.#....# #..
#..#:#.#.# #.. #..#
.#.# #.. #.# ## # #..
.# ##.. ##...


You could see a yaktaur captain and a bullfrog.

Vanquished Creatures
  A fire dragon (D:7)
  Josephine (D:5)
  A two-headed ogre (D:5)
  A hydra (D:6)
  3 orc knights (D:7)
  3 ugly things
  2 trolls
  A komodo dragon (D:5)
  Prince Ribbit (D:2)
  4 wraiths (D:5)
  2 hornets (D:6)
  A vampire (D:7)
  2 steam dragons
  A cyclops (D:6)
  3 wyverns
  2 basilisks (D:5)
  Eustachio (D:2)
  2 acid dragons
  4 yaks
  3 hungry ghosts
  A slime creature (D:7)
  Purgy (D:2)
  A warg (D:6)
  A soldier ant (D:6)
  3 orc warriors
  A scorpion (D:6)
  3 water moccasins
  2 porcupines
  A sky beast (D:6)
  An eye of draining (D:5)
  5 ice beasts
  5 ogres
  A crocodile (D:5)
  6 big kobolds
  A gnoll sergeant (D:5)
  3 bullfrogs
  3 centaurs (D:5)
  4 howler monkeys
  6 wights
  7 killer bees (D:5)
  3 quasits
  4 hounds
  A gnoll shaman (D:5)
  7 orc priests
  6 jellies
  5 iguanas
  8 orc wizards
  5 worker ants
  A wyvern zombie (D:6)
  7 giant cockroaches
  4 bullfrog zombies
  5 bullfrog skeletons
  A centaur skeleton (D:2)
  A shadow imp (D:3)
  12 adders
  10 gnolls
  32 sewer rats
  8 cinder newts
  4 worms
  A hound zombie (D:5)
  A worker ant zombie (D:5)
  A howler monkey skeleton (D:3)
  3 oozes
  A dart slug (D:1)
  6 leopard geckos
  32 orcs
  4 adder skeletons
  6 bats
  A cinder newt skeleton (D:2)
  A goblin (D:1)
  A hobgoblin (D:1)
  8 jackals
  2 quokkas
  3 ball pythons
  34 kobolds
  A quokka zombie (D:5)
  5 rats
  A rat skeleton (D:2)
  A butterfly (D:7)
332 creatures vanquished.

Vanquished Creatures (others)
  2 slimeheads (D:2)
  96 withered plants (D:2)
98 creatures vanquished.

Grand Total: 430 creatures vanquished

Notes
Turn   | Place    | Note
-------+----------+-------------------------------------------
     0 | D:1      | st0uf the Immature Draconian Demonspawn began the quest for
                  | the Orb.
     0 | D:1      | Reached XP level 1. HP: 16/16 MP: 3/3
    17 | D:1      | Gained mutation: You are heat resistant. (rF+) [demonic
                  | ancestry]
    17 | D:1      | Reached XP level 2. HP: 23/23 MP: 4/4
   177 | D:1      | Reached skill level 2 in Unarmed Combat
   195 | D:1      | Reached XP level 3. HP: 28/28 MP: 4/6
   498 | D:1      | Reached XP level 4. HP: 35/35 MP: 7/7
   831 | D:1      | Reached skill level 3 in Unarmed Combat
   905 | D:2      | Gained mutation: You are partially covered in icy blue
                  | scales. (AC +2) [demonic ancestry]
   905 | D:2      | Reached XP level 5. HP: 39/40 MP: 9/9
  1073 | D:2      | Noticed a water moccasin
  1114 | D:2      | Killed a water moccasin
  1114 | D:2      | Reached skill level 4 in Unarmed Combat
  1114 | D:2      | Gained mutation: You are partially covered in sharp spines.
                  | [demonic ancestry]
  1114 | D:2      | Reached XP level 6. HP: 39/47 MP: 9/11
  1282 | D:2      | Your scales start taking on a gleaming silver colour.
  1282 | D:2      | Reached XP level 7. HP: 43/52 MP: 12/12
  1282 | D:2      | Gained mutation: You have sharp toenails. [demonic
                  | ancestry]
  1282 | D:2      | Gained mutation: Your gleaming silver scales boost your
                  | physical defenses and make you resistant to mutation.
                  | (AC++, rMut) [Silver Draconian growth]
  1282 | D:2      | Gained mutation: You are in touch with the powers of the
                  | earth. [Silver Draconian growth]
  1336 | D:2      | Reached skill level 5 in Unarmed Combat
  1531 | D:2      | Found Udghitau's Antique Weapon Shoppe.
  1946 | D:2      | Reached skill level 6 in Unarmed Combat
  1946 | D:2      | Gained mutation: You are mostly covered in icy blue scales.
                  | (AC +3) [demonic ancestry]
  1946 | D:2      | Reached XP level 8. HP: 50/59 MP: 15/15
  1961 | D:2      | Noticed Eustachio
  1968 | D:2      | Killed Eustachio
  1968 | D:2      | Reached skill level 5 in Spellcasting
  1984 | D:2      | Noticed Purgy
  1987 | D:2      | Killed Purgy
  1988 | D:2      | Noticed a bog body
  1993 | D:2      | Noticed Prince Ribbit
  1996 | D:2      | Killed Prince Ribbit
  1996 | D:2      | Reached skill level 7 in Unarmed Combat
  2611 | D:3      | Found an ancient bone altar of Kikubaaqudgha.
  2611 | D:3      | Found a shadowy altar of Dithmenos.
  2611 | D:3      | Found a hazy altar of Hepliaklqana.
  2611 | D:3      | Found a snail-covered altar of Cheibriados.
  2617 | D:3      | Found a sacrificial altar of Ru.
  2617 | D:3      | Found an opulent altar of Gozag.
  2701 | D:3      | Reached XP level 9. HP: 54/64 MP: 16/18
  2841 | D:4      | Found a staircase to the Ecumenical Temple.
  2850 | Temple   | Entered the Ecumenical Temple
  3020 | D:4      | Reached skill level 8 in Unarmed Combat
  3125 | D:4      | Found a stormy altar of Qazlal.
  3184 | D:4      | Reached skill level 9 in Unarmed Combat
  3515 | D:5      | Entered Level 5 of the Dungeon
  3515 | D:5      | Noticed a two-headed ogre
  3532 | D:5      | Noticed Josephine
  3543 | D:5      | Killed Josephine
  3543 | D:5      | Reached skill level 10 in Unarmed Combat
  3543 | D:5      | Gained mutation: You are naturally skilled at Whips &
                  | Flails (Aptitude +3). [draconic bloodline]
  3543 | D:5      | Reached XP level 10. HP: 58/73 MP: 18/20
  3631 | Temple   | Became a worshipper of the Wu Jian Council
  3840 | D:5      | Reached * piety under Wu Jian
  3920 | D:5      | Killed a two-headed ogre
  3920 | D:5      | Reached skill level 5 in Dodging
  3920 | D:5      | Reached skill level 11 in Unarmed Combat
  3960 | D:5      | Identified the cursed ring of Namit {MR+ Str+3 Int+5 Dex+4,
                  | (Curse: Fragile)}
  3988 | D:5      | Identified the cursed ring "Kekit" {Wiz +Blink Str+3 Int+2,
                  | (Curse: Fragile)}
  3994 | D:5      | Reached ** piety under Wu Jian
  4044 | D:5      | Reached XP level 11. HP: 70/80 MP: 23/23
  4093 | D:5      | Identified the +4 hand crossbow of the Apocalypse {elec,
                  | MR++ Str+3}
  4498 | D:5      | Found a staircase to the Lair.
  4714 | D:6      | Reached skill level 12 in Unarmed Combat
  4718 | D:6      | Reached *** piety under Wu Jian
  4727 | D:6      | Found a staircase to the Orcish Mines.
  5147 | D:6      | Noticed a five-headed hydra
  5150 | D:6      | Killed a five-headed hydra
  5314 | D:7      | Identified a scroll of acquirement
  5368 | D:7      | Noticed an orc knight
  5378 | D:7      | Killed an orc knight
  5397 | D:7      | Noticed an orc knight
  5397 | D:7      | Noticed a yaktaur captain
  5397 | D:7      | Noticed a fire dragon
  5412 | D:7      | Killed a fire dragon
  5412 | D:7      | Reached skill level 13 in Unarmed Combat
  5425 | D:7      | Killed an orc knight
  5438 | D:7      | Reached **** piety under Wu Jian
  5438 | D:7      | Gained mutation: You are naturally skilled at Stealth
                  | (Aptitude +3). [draconic bloodline]
  5438 | D:7      | Gained mutation: You have razor-sharp toenails. [demonic
                  | ancestry]
  5438 | D:7      | Reached XP level 12. HP: 59/91 MP: 25/25
  5476 | D:7      | HP: 4/91 [yaktaur captain/bolt (19)]
  5476 | D:7      | Shot with a bolt by a yaktaur captain

Levels and vault maps discovered:
D:1:      minmay_arrival_diagonal_passages, layout_basic, glass_columns_b,
          minmay_misc_feat_hallway
D:2:      layout_sewer, kennysheep_door_sewer, serial_shops, shop_statue,
          first_ration
D:3:      layout_rooms, minmay_overflow_temple_hex
D:4:      layout_loops_ring, minmay_temple_entry_glass, basic_altar
D:5:      layout_small_grid, erik_lair_dragon, uniq_josephine
D:6:      layout_cave_pools, david_orc_3, hangedman_pestilent_swarm
D:7:      minmay_the_grid_octo_tiled_octocenter_mashed
          [minmay_the_grid_octo_shrine, minmay_the_grid_octo_concentric,
          minmay_the_grid_octo_toaster, minmay_the_grid_octo_fan_narrow,
          minmay_the_grid_octo_prize_square_snowflake,
          minmay_the_grid_square_5x5_spiral, minmay_the_grid_square_5x5_v,
          minmay_the_grid_square_5x5_two_small,
          minmay_the_grid_square_5x5_pentomino_r], layout_irregular_city,
          kennysheep_mini, david_vaults_5, serial_shops,
          nicolae_shop_temple_entry_statues_fountains, kennysheep_nondescript
Temple:   eino_temple_scatter_basement

Skill      XL: |  1  2  3  4  5  6  7  8  9 10 11 |
---------------+----------------------------------+-----
Unarmed Combat | 2 3 4 6 7 10 11 13 | 13.3
Spellcasting   | 2 3 4 6 7 8 9 |  9.4
Dodging        | 3 4 5 |  5.5
Stealth        | 2 |  2.7
Fighting       | 2 4 |  4.1
Fire Magic     | |  1.5
Invocations    | |  3.0

Action                   |  1- 3 |  4- 6 |  7- 9 | 10-12 || total
-------------------------+-------+-------+-------+-------++-------
Melee: Unarmed           |    83 |   405 |   384 |   509 ||  1381
       Tailslap          |     3 |    13 |    16 |    35 ||    67
       Kick              |       |       |    40 |    69 ||   109
Invok: Whirlwind         |       |       |       |   107 ||   107
       Lunge             |       |       |       |    36 ||    36
  Use: Potion            |       |       |       |     1 ||     1
 Stab: Sleeping          |     2 |     1 |     6 |     3 ||    12
       Distracted        |       |       |     1 |     1 ||     2
  Eat: Chunk             |       |     1 |     9 |     8 ||    18
Armor: Skin              |     7 |    53 |    45 |    51 ||   156
Dodge: Dodged            |    24 |   147 |    75 |   166 ||   412
